 Dungeon Crawl Stone Soup version 0.21.1-1-g345015fe64 (webtiles) character file.

131 Ikesh the Poker (level 5, 0/61 HPs)
             Began as a Merfolk Skald on Mar 10, 2018.
             Slain by an orc priest
             ... wielding a +2 short sword of electrocution
              (2 damage)
             ... on level 1 of the Dungeon.
             The game lasted 00:09:46 (1880 turns).

Ikesh the Poker (Merfolk Skald)                     Turns: 1880, Time: 00:09:47

Health: 0/61       AC: 22    Str: 12    XL:     5   Next: 14%
Magic:  4/8        EV:  2    Int: 12    God:
Gold:   65         SH:  0    Dex: 14    Spells: 4/9 levels left

rFire    . . .     SeeInvis .   a - +0 spear
rCold    . . .     Gourm    .   (no shield)
rNeg     + + +     Faith    .   (armour currently unavailable)
rPois    +         Spirit   .   (helmet currently unavailable)
rElec    .         Reflect  .   (cloak currently unavailable)
rCorr    .         Harm     .   (gloves currently unavailable)
MR       .....     NoTele   +   (boots currently unavailable)
Stlth    +.........             (no amulet)
HPRegen  0.20/turn              m - ring of wizardry
MPRegen  0.11/turn              (no ring)

@: tree-form, infused (expiring)
A: (change form in water), (swift swim), (stealthy swim)
a: no special abilities


You were on level 1 of the Dungeon.
You were not hungry.
You were a tree.
You visited 1 branch of the dungeon, and saw 2 of its levels.

You collected 65 gold pieces.

Inventory:

Hand Weapons
 a - a +0 spear (weapon)
Armour
 b - a +0 leather armour (melded)
 g - a +1 ring mail of poison resistance
 j - a +0 helmet (melded)
 k - a +0 pair of boots (melded)
Jewellery
 m - a ring of wizardry (left branch)
Scrolls
 h - a scroll of enchant weapon {unknown}
 l - a scroll of identify
 n - a scroll of teleportation {unknown}
Potions
 e - a potion of lignification
 i - a potion of flight
Books
 c - a book of Battle

   Spells                             Type                      Level
   a - Infusion                       Charms                       1
   b - Shroud of Golubria             Charms/Translocation         2
   c - Song of Slaying                Charms                       2
   d - Spectral Weapon                Hexes/Charms                 3
   e - Regeneration                   Charms/Necromancy            3
Comestibles
 d - 3 rations


   Skills:
 + Level 3.0 Fighting
 + Level 4.7 Polearms
 + Level 0.8 Armour
 + Level 3.2 Dodging
 + Level 0.2 Stealth
 + Level 2.6 Spellcasting
 + Level 4.0 Charms
 + Level 0.4 Translocations


You had 4 spell levels left.
You knew the following spells:

 Your Spells              Type           Power        Failure   Level  Hunger
a - Infusion              Chrm           ##..         1%          1    #......
b - Shroud of Golubria    Chrm/Tloc      #.........   6%          2    ###....
c - Song of Slaying       Chrm           ##......     3%          2    ###....


Dungeon Overview and Level Annotations

Branches:
Dungeon (2/15)

Altars:


Message History

You climb upwards.
There is a stone staircase leading down here.
You closely miss the orc priest.
The orc priest is moderately wounded.
Your shroud unravels.
The orc priest looks braver for a moment.
You turn into a tree.
Your +0 helmet melds into your body.
Your +0 pair of boots melds into your body.
Your +0 leather armour melds into your body.
Your roots penetrate the ground.
The orc priest hits you but does no damage.
You are electrocuted!
* * * LOW HITPOINT WARNING * * *
You hit the orc priest.
The orc priest is heavily wounded.
You hit the orc priest.
The orc priest is severely wounded.
Your magical infusion is running out.
The orc priest hits you with a short sword of electrocution.
You die...

#.#.#....# #.#.#..###
#.#.#..#
###.###..#############
.....................#
#.#.#.#.#)#.#.#.#.##.#
#.#.#.#.#..........#.#
#.#.#...###.#.#.#.##.#
..#.######......♣..#.#
........###.#.#.#o##.#
..#.....##.........#.#
........#)#.#.#.#.##.#
######.............#.#
#....#.#.#.#.##.#
#.....)....####.#
#####........### #.#
##............# #.#


You could see an orc priest.

Vanquished Creatures
  An orc priest (D:2)
  Natasha (D:2)
  2 adders (D:2)
  An ooze (D:1)
  A worm (D:2)
  4 dart slugs (D:1)
  3 leopard geckos
  2 orcs (D:1)
  6 bats
  A giant cockroach (D:1)
  2 goblins
  7 hobgoblins
  3 kobolds (D:1)
  3 frilled lizards (D:1)
  4 rats
41 creatures vanquished.

Notes
Turn   | Place    | Note
-------+----------+-------------------------------------------
     0 | D:1      | Ikesh the Merfolk Skald began the quest for the Orb.
     0 | D:1      | Reached XP level 1. HP: 16/16 MP: 3/3
     1 | D:1      | Noticed an electric eel
   106 | D:1      | Reached XP level 2. HP: 23/23 MP: 3/5
   177 | D:1      | Learned a level 2 spell: Shroud of Golubria
   180 | D:1      | Learned a level 2 spell: Song of Slaying
   296 | D:1      | Reached XP level 3. HP: 28/28 MP: 1/6
   794 | D:2      | Noticed Natasha
   805 | D:2      | Killed Natasha
   805 | D:2      | Reached XP level 4. HP: 14/34 MP: 0/7
  1620 | D:2      | Reached XP level 5. HP: 22/41 MP: 1/8
  1878 | D:1      | HP: 2/61 [orc priest/short sword of electrocution (14)]
  1880 | D:1      | Slain by an orc priest

Skill      XL: |  1  2  3  4 |
---------------+-------------+-----
Polearms       | 4 |  4.7
Dodging        | 3 |  3.2
Fighting       | 3 |  3.0
Charms         | 4 |  4.0
Armour         | |  0.8
Stealth        | |  0.2
Spellcasting   | |  2.6
Translocations | |  0.4

Action                   |  1- 3 |  4- 6 || total
-------------------------+-------+-------++-------
Melee: Spear             |   130 |    54 ||   184
 Cast: Infusion          |     4 |     6 ||    10
       Shroud of Golubri |     9 |    12 ||    21
       Song of Slaying   |     4 |     2 ||     6
  Use: Scroll            |     4 |     2 ||     6
       Potion            |     1 |     1 ||     2
  Eat: Chunk             |     1 |     3 ||     4
       Ration            |       |     1 ||     1
Armor: Leather armour    |    27 |     9 ||    36
       Skin              |       |     1 ||     1
Dodge: Dodged            |    74 |    20 ||    94
